 Dungeon Crawl Stone Soup version 0.28.0-43-g3370ac3207 (webtiles) character file.

Game seed: 4971751856927089909

247 pkoi the Chiller (level 5, -1/28 HPs)
             Began as a Deep Elf Ice Elementalist on Mar 7, 2022.
             Slain by a centaur zombie (2 damage)
             ... in an ossuary.
             The game lasted 00:05:21 (5101 turns).

pkoi the Chiller (Deep Elf Ice Elementalist)        Turns: 5101, Time: 00:05:21

Health: -1/28      AC:  4    Str:  5    XL:     5   Next: 85%
Magic:  11/11      EV: 12    Int: 22    God:
Gold:   75         SH:  0    Dex: 15    Spells: 3/10 levels left

rFire   . . .      SeeInvis .   c - +2 trident (freeze)
rCold   . . .      Faith    .   (no shield)
rNeg    . . .      Spirit   .   a - +0 robe
rPois   .          Reflect  .   (no helmet)
rElec   .          Harm     .   (no cloak)
rCorr   .          Rampage  .   (no gloves)
Will    .....                   n - +1 pair of boots
Stlth   ++........              (no amulet)
HPRegen 0.09/turn               (no ring)
MPRegen 0.12/turn               (no ring)

@: no status effects
A: no striking features
a: no special abilities


You were in an ossuary.
You visited 1 branch of the dungeon, and saw 4 of its levels.
You also visited: Ossuary.

You collected 75 gold pieces.

Inventory:

Hand Weapons
 c - a +2 trident of freezing (weapon)
 d - a +1 mace
 h - a +2 vampiric whip
Missiles
 b - 4 curare-tipped darts
Armour
 a - a +0 robe (worn)
 i - the +0 ring mail of Xotusuu {rElec}
   (You found it on level 2 of the Dungeon)

   rElec:     It insulates you from electricity.
 n - a +1 pair of boots (worn)
Magical Staves
 g - a staff of poison
Wands
 j - a wand of charming (14)
Scrolls
 e - a scroll of magic mapping
 f - a scroll of fog
 k - 2 scrolls of acquirement {unknown}
 l - 2 scrolls of identify
Potions
 m - 3 potions of might
 o - 2 potions of resistance


   Skills:
 - Level 2.4 Dodging
 - Level 2.4 Stealth
 + Level 3.1 Spellcasting
 + Level 7.8 Ice Magic


You had 3 spell levels left.
You knew the following spells:

 Your Spells              Type           Power      Damage    Failure   Level
a - Freeze                Ice            100%       1d11      1%          1
b - Frozen Ramparts       Ice            76%        1d9       1%          3
c - Ozocubu's Armour      Ice            38%        N/A       1%          3

Your spell library contained the following spells:

 Spells                   Type           Power      Damage    Failure   Level
 Hailstorm                Conj/Ice       20%        3d6       24%         4


Dungeon Overview and Level Annotations

Branches:
Dungeon (4/15)            Ossuary (1/1)
 Temple: D:4-7

Altars:
Kikubaaqudgha
Ru


Message History

Aim: a kobold zombie (severely damaged, about 30% to evade your +2 trident of freezing)
You reach to attack!
You closely miss the kobold zombie.
The kobold zombie is severely damaged.
The jackal zombie bites you but does no damage.
The kobold zombie hits you.
* * * LOW HITPOINT WARNING * * *
The jackal zombie barely misses you.
The jackal zombie bites you but does no damage.
You closely miss the jackal zombie. The jackal zombie closely misses you.
The jackal zombie misses you. The jackal zombie barely misses you.
A goblin zombie comes into view.
The goblin zombie hits you but does no damage.
You barely miss the goblin zombie. The jackal zombie barely misses you.
The jackal zombie bites you but does no damage.
The goblin zombie hits you.
* * * LOW HITPOINT WARNING * * *
You barely miss the goblin zombie. The jackal zombie closely misses you.
The adder zombie bites you but does no damage.
The goblin zombie barely misses you.
Unknown command.
The goblin zombie completely misses you.
The jackal zombie bites you.
* * * LOW HITPOINT WARNING * * *
An adder zombie comes into view.
A centaur zombie comes into view.
The adder zombie barely misses you. The centaur zombie hits you.
* * * LOW HITPOINT WARNING * * *
The centaur zombie barely misses you. The centaur zombie hits you.
* * * LOW HITPOINT WARNING * * *
The centaur zombie completely misses you.
The centaur zombie misses you.
The centaur zombie kicks you but does no damage.
Okay, then.
As you read the scroll labelled VOWOUFURIJE, it crumbles to dust.
You feel aware of your surroundings.
It was a scroll of magic mapping.
The adder zombie closely misses you. The centaur zombie hits you.
You die...

######################
#.......ZZ...........#
#......@Z.Z.ZZ.......#
#..Z....Z8Z.8........#
#....................#
#...######..######...#
#...#,,,,#.^#....#...#
#...#,*,,#..#..#.#...#
#...#.####..####.#...#
#...#............#Z..#
#..Z#.####.......#ZZ.#


You could see 2 adder zombies, a jackal zombie, a goblin zombie, 2 kobold
zombies, an elf zombie, a centaur zombie and a human zombie.

Vanquished Creatures
  A sky beast (D:4)
  Terence (D:3)
  A mummy (D:4)
  2 adders
  An adder zombie (Ossuary)
  A worm (D:3)
  3 dart slugs
  6 orcs (D:3)
  6 endoplasms
  4 giant cockroaches
  2 goblins
  10 hobgoblins
  5 jackals (D:1)
  4 kobolds
  2 quokkas (D:3)
  7 ball pythons
  3 bats (D:2)
  4 frilled lizards
  4 hobgoblin zombies (Ossuary)
  5 kobold zombies (Ossuary)
  7 orc zombies (Ossuary)
  4 rats
83 creatures vanquished.

Vanquished Creatures (others)
  3 plants (D:3)
3 creatures vanquished.

Grand Total: 86 creatures vanquished

Notes
Turn   | Place    | Note
-------+----------+-------------------------------------------
     0 | D:1      | pkoi the Deep Elf Ice Elementalist began the quest for the
                  | Orb.
     0 | D:1      | Reached XP level 1. HP: 10/10 MP: 6/6
   449 | D:1      | Reached XP level 2. HP: 12/15 MP: 5/8
   452 | D:1      | Reached skill level 5 in Ice Magic
  1148 | D:1      | Found a faded altar of an unknown god.
  1857 | D:2      | Identified the +0 ring mail of Xotusuu {rElec}
  2000 | D:2      | Reached XP level 3. HP: 16/19 MP: 7/9
  2041 | D:2      | Found an ancient bone altar of Kikubaaqudgha.
  3061 | D:3      | Noticed Terence
  3089 | D:2      | Learned a level 3 spell: Frozen Ramparts
  3093 | D:2      | Learned a level 3 spell: Ozocubu's Armour
  3196 | D:3      | Reached skill level 6 in Ice Magic
  3339 | D:3      | Reached XP level 4. HP: 22/24 MP: 2/10
  3610 | D:3      | Killed Terence
  4378 | D:3      | Found a sacrificial altar of Ru.
  4513 | D:4      | Noticed a sky beast
  4525 | D:4      | Killed a sky beast
  4526 | D:4      | Reached skill level 7 in Ice Magic
  4526 | D:4      | Reached XP level 5. HP: 14/28 MP: 4/11
  4786 | D:4      | Found a sand-covered staircase.
  4796 | Ossuary  | Entered an ossuary
  5099 | Ossuary  | HP: 1/28 [centaur zombie (1)]
  5101 | Ossuary  | Slain by a centaur zombie

Illustrated notes

Levels and vault maps discovered:
D:1:      saegor_arrival_fortress, layout_basic,
          hellmonk_ecumenical_altar_inner_sanctum
D:2:      layout_basic, basic_altar
D:3:      layout_loops_ring, nicolae_ru_the_path_less_chosen, uniq_terence
D:4:      layout_gridville, nicolae_ashenzari_panopticon,
          nicolae_ossuary_entry_giza, minmay_rat_hole
Ossuary:  ossuary_tomb_1

Skill      XL: |  1  2  3  4 |
---------------+-------------+-----
Ice Magic      | 5 6 7 |  7.8
Dodging        | |  2.4
Stealth        | |  2.4
Spellcasting   | |  3.1

Action                   |  1- 3 |  4- 6 || total
-------------------------+-------+-------++-------
Melee: Mace              |     9 |       ||     9
       Staff             |    11 |    16 ||    27
       Punch             |     1 |     1 ||     2
       Trident           |       |    68 ||    68
 Cast: Freeze            |    60 |    27 ||    87
       Frozen Ramparts   |       |     6 ||     6
  Use: Scroll            |     6 |     2 ||     8
       Potion            |       |     2 ||     2
 Stab: Sleeping          |     3 |     4 ||     7
Armor: Robe              |    10 |    25 ||    35
Dodge: Dodged            |    42 |    59 ||   101
